 Dungeon Crawl Stone Soup version 0.32-a0-685-g93135e86f0 (webtiles) character file.

Game seed: 11948052838637105569

113 Wiebster667 the Chopper (level 4, -1/34 HPs)
             Began as a Coglin Gladiator on Mar 12, 2024.
             Slain by an adder (3 damage)
             ... on level 3 of the Dungeon.
             The game lasted 00:04:06 (1730 turns).

Wiebster667 the Chopper (Coglin Gladiator)          Turns: 1730, Time: 00:04:06

Health: -1/34      AC:  6    Str: 16    XL:     4   Next: 96%
Magic:  4/4        EV:  2    Int:  8    God:
Gold:   123        SH:  0    Dex: 15    Spells: 3/3 levels left

rFire   . . .        a - +0 war axe {Francisco}
rCold   . . .        j - +2 whip (venom) {Atia}
rNeg    . . .        b - +0 leather armour
rPois   .            c - +0 helmet
rElec   .            l - +1 cloak
rCorr   .            (no gloves)
SInv    .            (no boots)
Will    .....        (amulet unavailable)
Stlth   +            (ring unavailable)
HPRegen 0.25/turn    (ring unavailable)
MPRegen 0.09/turn    (no gizmo)

%: no passive effects
@: constricted, very slow
A: off-hand wielding, slow wielding, warmup strikes, no jewellery
a: Invent Gizmo


You were on level 3 of the Dungeon.
You visited 1 branch of the dungeon, and saw 3 of its levels.

You collected 123 gold pieces.

Inventory:

Hand Weapons
 a - a +0 war axe (weapon) {Francisco}
 f - a +0 dagger {Navbir}
 j - a +2 whip of venom (offhand) {Atia}
Missiles
 d - 3 throwing nets (quivered)
 e - a javelin
Armour
 b - a +0 leather armour (worn)
 c - a +0 helmet (worn)
 l - a +1 cloak (worn)
Scrolls
 g - a scroll of fog {unknown}
 h - 4 scrolls of identify {unknown}
 m - a scroll of brand weapon {unknown}
 o - a scroll of fear {unknown}
 p - 2 scrolls of immolation
 q - a scroll of enchant weapon {unknown}
 r - a scroll of poison {unknown}
 s - a scroll of noise {unknown}
Potions
 i - a potion of heal wounds {unknown}
 k - a potion of might {unknown}
 n - a potion of ambrosia {unknown}


   Skills:
 + Level 2.9 Fighting
 + Level 3.8 Axes
 + Level 2.6 Throwing
 + Level 3.3 Dodging


You had 3 spell levels left.
You didn't know any spells.
Your spell library was empty.

Dungeon Overview and Level Annotations

Branches:
Dungeon (3/15)

Altars:


Innate Abilities, Weirdness & Mutations

You can wield a second weapon in your off-hand.
It takes a long time for you to wield or remove held weapons.
Your first few attacks do less damage.
You cannot equip rings or amulets.


Message History

The ball python constricts you. The adder bites you but does no damage.
You feel sick.
The ball python bites you but does no damage.
The ball python constricts you. The adder bites you but does no damage.
The dart slug launches a dart at you. The slug dart hits you.
The ball python bites you. The ball python constricts you.
The adder bites you but does no damage.
You feel sick.
You are no longer poisoned.
The adder bites you but does no damage.
The ball python bites you but does no damage.
The ball python constricts you.
* * * LOW HITPOINT WARNING * * *
The dart slug launches a dart at you. The slug dart hits you.
* * * LOW HITPOINT WARNING * * *
The adder bites you but does no damage. The ball python bites you.
* * * LOW HITPOINT WARNING * * *
The ball python constricts you.
Unknown command.
The adder bites you.
* * * LOW HITPOINT WARNING * * *
The ball python bites you but does no damage.
The ball python constricts you.
* * * LOW HITPOINT WARNING * * *
Unknown command.
The adder bites you but does no damage.
The ball python bites you but does no damage.
The ball python constricts you. The adder bites you.
* * * LOW HITPOINT WARNING * * *
Unknown command.
The ball python bites you but does no damage.
The ball python constricts you.
* * * LOW HITPOINT WARNING * * *
The adder bites you but does no damage.
The ball python bites you but does no damage.
The ball python constricts you.
* * * LOW HITPOINT WARNING * * *
The adder bites you.
You die...

#.#....~~~≈≈~#..# .#
.....~~~≈~~≈~~~≈##.#
...~≈≈≈≈≈~~#≈≈≈~#.#
..≈≈≈≈≈≈≈~≈≈≈≈~.#
###~≈≈≈≈≈≈w≈≈≈#~≈##
#≈≈≈~~≈~≈~~~≈≈≈≈~≈#
.#~~~~.~~.!<~~!SS#~##
...≈≈..†..<..[.?@~..#
##~~~...~...~~~?≈~#.....
#~≈≈~~≈~~~≈~#<~≈~~.##..
##≈###≈≈~≈#≈≈≈~#~..... #
#≈≈≈≈~~≈≈≈≈≈≈.#.##.#
..w≈≈#≈≈~~~≈≈≈~...# #
#..#~#≈≈≈≈≈~~~≈....# ##
#..~~≈w≈~~.##.###
....~~.~~......


You could see an adder, 2 dart slugs and a ball python.

Vanquished Creatures
  5 adders (D:2)
  A ribbon worm (D:2)
  5 dart slugs (D:3)
  An orc (D:3)
  4 bats
  4 endoplasms
  2 giant cockroaches (D:1)
  5 goblins
  A hobgoblin (D:2)
  7 kobolds
  3 quokkas
  9 ball pythons
  7 frilled lizards
  2 rats
56 creatures vanquished.

Notes
Turn   | Place    | Note
-------+----------+-------------------------------------------
     0 | D:1      | Wiebster667 the Coglin Gladiator began the quest for the
                  | Orb.
     0 | D:1      | Reached XP level 1. HP: 16/16 MP: 1/1
    82 | D:1      | Reached XP level 2. HP: 18/22 MP: 2/2
   513 | D:1      | Reached XP level 3. HP: 28/28 MP: 3/3
   859 | D:2      | Found a faded altar of an unknown god.
  1139 | D:2      | Reached XP level 4. HP: 34/34 MP: 4/4
  1730 | D:3      | Slain by an adder

Illustrated notes

Levels and vault maps discovered:
D:1:      dpeg_arrival_lava_temple_mockup, layout_basic
D:2:      layout_rooms, hellmonk_ecumenical_altar_blasted,
          wander_ebering_terrifying_dragon_lair
D:3:      kennysheep_slugbush, layout_loops_cross,
          nicolae_overflow_quartered_altars

Skill      XL: |  1  2 |
---------------+-------+-----
Throwing       | 2 |  2.6
Dodging        | 3 |  3.3
Fighting       | |  2.9
Axes           | |  3.8

Action                     |  1- 3 |  4- 6 || total
---------------------------+-------+-------++-------
  Melee: Dagger            |    25 |       ||    25
         War axe           |    62 |    19 ||    81
         Whip              |    38 |    19 ||    57
   Stab: Sleeping          |     2 |     1 ||     3
 Armour: Leather armour    |    59 |   103 ||   162
  Dodge: Dodged            |    63 |    57 ||   120

Table legend: (Time is in decaauts)
 A = Elapsed time spent in this place.
 B = Non-inter-level travel time spent in this place.
 C = Inter-level travel time spent in this place.
 D = Time resting spent in this place.
 E = Time spent auto-exploring this place.
 F = Levels seen in this place.
 G = Mean time per level.
                   A        B        C        D        E       F      G
               +--------+--------+--------+--------+--------+-----+--------+
         Total |   1749 |   1692 |     57 |     86 |   1165 |   3 |  583.0 |
       Dungeon |   1749 |   1692 |     57 |     86 |   1165 |   3 |  583.0 |
               +--------+--------+--------+--------+--------+-----+--------+

Top non-repeatable levels by time:
     D:2: 859 daAuts
     D:1: 746 daAuts
     D:3: 143 daAuts
